cohdb
Replays
Latest Replays
All Replays
Popular Replays
Top Player Replays
Match Explorer
How It Works
Community
CoH3 Stats
Reddit
Sign in to upload your games and track your stats! →
Sign in with Steam
Match 27599378
Unlisted
Match 27599378
Overview
Messages
Build Orders
End
Kettenkrad Recon Vehicle
Construct Infanterie Kompanie
Selects Mechanized Battlegroup
MG 42 Machine Gun Team
Grenadier Squad
Grenadier Squad
Construct Panzergrenadier Kompanie
251 Medium Carrier
Pak 40 Anti-tank Gun Team
GrW 34 Mortar Team
Panzergrenadier Squad
Selects Raid Package
Medical Bunker
Construct Panzer Kompanie
Selects StuG Assault Group
StuG Assault Group
Selects UNKNOWN (2160084)
Selects Mobile Repair Stations
Selects Stoßtruppen Assault Package
Selects Zeroing Artillery Barrage
Sturmpanzer IV Brummbär
Zeroing Artillery Barrage
Panther Heavy Tank
Pioneer Squad
Panzer IV Medium Tank
Side Skirts
Zeroing Artillery Barrage
Panzer IV Medium Tank
Zeroing Artillery Barrage
Panzer IV Medium Tank
Pioneer Squad
Stoßtruppen Squad
Stoßtruppen Squad
AI Takeover
EarlofGrey
Lethal
m456arcus
PinkBrandew
Sk8erGirl
roberto.acon.31
easyv
neurotypical cattle
0
0
Comments
sign in to comment!
No comments posted yet!